 Dungeon Crawl Stone Soup version 0.32-a0-876-gcfddb08e57 (webtiles) character file.

Game seed: 14259907816299924031

2597 Fractals the Shield-Bearer (level 9, -1/72 HPs)
             Began as a Human Brigand on Mar 31, 2024.
             Was an Initiate of Gozag.
             Slain by a two-headed ogre
             ... wielding a +0 giant club
              (19 damage)
             ... on level 7 of the Dungeon.
             The game lasted 00:22:42 (6029 turns).

Fractals the Shield-Bearer (Human Brigand)          Turns: 6029, Time: 00:22:42

Health: -1/72      AC:  7    Str: 15    XL:     9   Next: 59%
Magic:  9/9        EV:  9    Int: 14    God:    Gozag
Gold:   535        SH: 14    Dex: 16    Spells: 8/8 levels left

rFire   . . .        p - +3 short sword (speed)
rCold   . . .        k - +0 kite shield
rNeg    + + .        x - +0 ring mail
rPois   .            D - +0 hat "Beyxoomo" {rN+ Will+ Int+3}
rElec   .            c - +0 cloak
rCorr   .            (no gloves)
SInv    .            (no boots)
Will    +....        n - amulet of regeneration
Stlth   +++          b - ring of positive energy
HPRegen 1.12/turn    (no ring)
MPRegen 0.11/turn

%: no passive effects
@: no status effects
A: explore regen, talons 1, large bone plates 1
a: Renounce Religion, Potion Petition, Call Merchant, Bribe Branch


You were on level 7 of the Dungeon.
You worshipped Gozag.
Gozag was pleased with you.
You visited 2 branches of the dungeon, and saw 8 of its levels.

You collected 635 gold pieces.
You paid 100 gold pieces to Gozag.

Inventory:

Hand Weapons
 a - a +2 dagger
 p - a +3 short sword of speed (weapon)
 A - a +2 flail of holy wrath
Missiles
 d - 6 poisoned darts (quivered)
 e - a curare-tipped dart
 f - a throwing net
Armour
 c - a +0 cloak (worn)
 k - a +0 kite shield (worn)
 x - a +0 ring mail (worn)
 D - the +0 hat "Beyxoomo" (worn) {rN+ Will+ Int+3}
   (You found it on level 6 of the Dungeon)

   Int+3:     It affects your intelligence (+3).
   rN+:       It protects you from negative energy.
   Will+:     It increases your willpower.
Magical Staves
 t - a staff of air
Jewellery
 b - a ring of positive energy (left hand)
 n - an amulet of regeneration (around neck)
Wands
 j - a wand of warping (6)
Scrolls
 h - 2 scrolls of blinking
 i - 2 scrolls of identify
 l - 2 scrolls of enchant armour
 m - a scroll of poison
 o - 2 scrolls of immolation
 r - a scroll of enchant weapon
 u - 2 scrolls of teleportation
 w - a scroll of fog {unknown}
 y - a scroll of butterflies {unknown}
 B - 2 scrolls of vulnerability {unknown}
 C - a scroll of fear {unknown}
Potions
 g - a potion of heal wounds
 q - a potion of magic {unknown}
 v - 2 potions of ambrosia
 z - 3 potions of curing


   Skills:
 - Level 7.0 Fighting
 - Level 3.0 Short Blades
 - Level 4.0 Throwing
 + Level 4.4 Armour
 - Level 2.0 Dodging
 - Level 6.0 Stealth
 + Level 7.3 Shields
 - Level 1.0 Air Magic


You had 8 spell levels left.
You didn't know any spells.
Your spell library contained the following spells:

 Spells                   Type           Power      Damage    Failure   Level
 Slow                     Hex            0%         N/A       80%         1
 Confusing Touch          Hex            0%         N/A       99%         3
 Vampiric Draining        Necr           0%         2d6       99%         3


Dungeon Overview and Level Annotations

Branches:
Dungeon (7/15)             Temple (1/1) D:5

Altars:
Ashenzari
Elyvilon
Fedhas
Gozag
Hepliaklqana
Kikubaaqudgha
Makhleb
Nemelex Xobeh
Okawaru
Qazlal
Ru
Sif Muna
Uskayaw
Vehumet
Xom
Yredelemnul
Zin
The Shining One

Shops:
D:6 (*


Innate Abilities, Weirdness & Mutations

You regain HP and MP as you explore.
You have sharp toenails.
You are partially covered in large bone plates. (SH +4)


Message History

The two-headed ogre is lightly wounded.
You hit the two-headed ogre. Your kick misses the two-headed ogre.
The two-headed ogre is lightly wounded.
The two-headed ogre hits you with a +0 giant club!
You block the two-headed ogre's attack.
You hit the two-headed ogre.
The two-headed ogre is moderately wounded.
You hit the two-headed ogre.
The two-headed ogre is moderately wounded.
You hit the two-headed ogre.
You claw the two-headed ogre, but do no damage.
The two-headed ogre is moderately wounded.
The two-headed ogre closely misses you. You block the two-headed ogre's attack.
You barely miss the two-headed ogre.
The two-headed ogre is moderately wounded.
You hit the two-headed ogre. You claw the two-headed ogre.
The two-headed ogre is heavily wounded.
The two-headed ogre closely misses you. You block the two-headed ogre's attack.
You hit the two-headed ogre.
The two-headed ogre is heavily wounded.
The two-headed ogre looks more healthy.
You hit the two-headed ogre.
The two-headed ogre is heavily wounded.
You block the two-headed ogre's attack. x2
You hit the two-headed ogre. You claw the two-headed ogre.
The two-headed ogre is severely wounded.
You hit the two-headed ogre.
You claw the two-headed ogre, but do no damage.
The two-headed ogre is severely wounded.
The two-headed ogre hits you with a +0 giant club!!
The two-headed ogre hits you with a +0 giant club!
* * * LOW HITPOINT WARNING * * *
You barely miss the two-headed ogre.
The two-headed ogre is severely wounded.
Unknown command.
You hit the two-headed ogre. You claw the two-headed ogre.
The two-headed ogre is severely wounded.
The two-headed ogre hits you with a +0 giant club!!
You die...
Your body crumbles into a pile of gold.

#. #(.
..#..## # #
.#...##.#
#. .....#)#
##.#..(...#
#.........#
#.....O...#
#.....@...#
##.#......#
#........#
#..#.(....#
#.#
####.#.# .
.#.# ## #


You could see a two-headed ogre.

Vanquished Creatures
  Pikel (D:3)
  Grinder (D:3)
  A hornet (D:6)
  A water moccasin (D:4)
  2 black bears
  4 ice beasts
  3 ogres
  3 lemures
  4 scorpions
  A howler monkey (D:5)
  A bombardier beetle (D:3)
  2 hounds (D:5)
  A jelly (D:6)
  A gnoll bouda (D:4)
  Terence (D:3)
  2 orc wizards
  An iguana (D:6)
  Robin (D:1)
  11 gnolls
  6 adders
  2 shadow imps
  A white imp (D:5)
  5 dart slugs
  4 orcs
  18 ball pythons
  2 bats
  7 endoplasms
  2 giant cockroaches
  15 goblins
  4 hobgoblins
  8 jackals
  6 quokkas
  4 frilled lizards
  8 kobolds
  4 rats
138 creatures vanquished.

Notes
Turn   | Place    | Note
-------+----------+-------------------------------------------
     0 | D:1      | Fractals the Human Brigand began the quest for the Orb.
     0 | D:1      | Reached XP level 1. HP: 16/16 MP: 1/1
   160 | D:1      | Reached XP level 2. HP: 23/23 MP: 2/2
   439 | D:1      | Reached XP level 3. HP: 28/28 MP: 3/3
  1312 | D:2      | Noticed Robin
  1354 | D:1      | Killed Robin
  1357 | D:1      | Reached XP level 4. HP: 22/35 MP: 4/4
  1403 | D:1      | Reached skill level 5 in Stealth
  1640 | D:3      | Noticed Terence
  1647 | D:3      | Killed Terence
  1651 | D:3      | Reached skill level 1 in Shields
  1941 | D:2      | Reached XP level 5. HP: 33/41 MP: 5/5
  2300 | D:4      | Noticed a black bear
  2352 | D:4      | Noticed a water moccasin
  2389 | D:4      | Gained mutation: You are partially covered in large bone
                  | plates. (SH +4) [potion of mutation]
  2389 | D:4      | Gained mutation: You have sharp toenails. [potion of
                  | mutation]
  2406 | D:4      | Killed a water moccasin
  2407 | D:4      | Reached XP level 6. HP: 21/48 MP: 6/6
  2478 | D:4      | Found a basalt altar of Yredelemnul.
  2655 | D:4      | Killed a black bear
  2697 | D:4      | Reached skill level 1 in Armour
  2697 | D:4      | Reached XP level 7. HP: 54/54 MP: 7/7
  3049 | D:4      | Noticed Grinder
  3055 | D:4      | Paralysed by Grinder for 4 turns
  3106 | D:3      | Paralysed by Grinder for 4 turns
  3113 | D:3      | Killed Grinder
  3114 | D:3      | Reached skill level 5 in Fighting
  3188 | D:4      | Noticed Pikel
  3238 | D:3      | Killed Pikel
  3239 | D:3      | Reached skill level 5 in Shields
  3239 | D:3      | Reached XP level 8. HP: 57/63 MP: 8/8
  3971 | D:5      | Entered Level 5 of the Dungeon
  3971 | D:5      | Found a blossoming altar of Fedhas.
  4298 | D:5      | Found a staircase to the Ecumenical Temple.
  4304 | Temple   | Entered the Ecumenical Temple
  4316 | Temple   | Became a worshipper of Gozag Ym Sagoz the Greedy
  4965 | D:6      | Found Wuuzy's Antique Weapon Shoppe.
  4992 | D:5      | Reached XP level 9. HP: 29/69 MP: 9/9
  5172 | D:6      | Reached skill level 1 in Air Magic
  5232 | D:6      | Found Ytwiraeg's Serpentskin Sales.
  5529 | D:6      | Noticed a hornet
  5543 | D:6      | Killed a hornet
  5620 | D:6      | Identified the +0 hat "Beyxoomo" {rN+ Will+ Int+3}
  6007 | D:7      | Noticed a two-headed ogre
  6029 | D:7      | Slain by a two-headed ogre

Illustrated notes

Levels and vault maps discovered:
D:1:      spicycebolla_arrival_ecumenical, layout_basic,
          dreamdust_princess_corridor
D:2:      layout_rooms, uniq_robin
D:3:      layout_loops_cross, chequers_decorated_corner,
          kennysheep_generic_room_3, uniq_terence
D:4:      layout_layer_cave, amcnicky_altar_gilded, minmay_misc_feat_roman,
          uniq_pikel, uniq_grinder
D:5:      layout_basic, mainiacjoe_overflow_catwalk, minmay_temple_entry_hall,
          chequers_serial_rivers_micro_a, nicolae_letterblocks
          [nicolae_letter_subblock, nicolae_letter_subblock,
          nicolae_letter_subblock, nicolae_letter_subblock,
          nicolae_letter_subblock, nicolae_letter_subblock,
          nicolae_letter_subblock, nicolae_letter_subblock,
          nicolae_letter_subblock, nicolae_letter_subblock,
          nicolae_letter_subblock, nicolae_letter_subblock,
          nicolae_letter_subblock, nicolae_letter_subblock,
          nicolae_letter_subblock, nicolae_letter_subblock,
          nicolae_letter_subblock, nicolae_letter_subblock,
          nicolae_letter_subblock, nicolae_letter_subblock,
          nicolae_letter_subblock, nicolae_letter_subblock,
          nicolae_letter_subblock, nicolae_letter_subblock,
          nicolae_letter_subblock]
D:6:      layout_loops_ring, nicolae_stop_n_shop_1, guppyfry_shop_venom
D:7:      layout_loops_ring, nzn_ghost_randoct
Temple:   compressed_dpeg_triangle_lava_temple

Skill      XL: |  1  2  3  4  5  6  7  8  9 |
---------------+----------------------------+-----
Fighting       | 3 4 5 6 7 |  7.0
Stealth        | 5 6 |  6.0
Throwing       | 3 4 |  4.0
Shields        | 1 3 4 5 6 7 |  7.3
Armour         | 1 3 4 |  4.4
Dodging        | 2 |  2.0
Short Blades   | 3 |  3.0
Air Magic      | 1 |  1.0

Action                     |  1- 3 |  4- 6 |  7- 9 || total
---------------------------+-------+-------+-------++-------
  Melee: Dagger            |    67 |   141 |    55 ||   263
         Kick              |       |     7 |   149 ||   156
         Short sword       |       |       |   364 ||   364
  Throw: Dart              |    19 |    22 |    48 ||    89
    Use: Scroll            |     1 |     2 |     8 ||    11
         Potion            |       |     6 |       ||     6
   Stab: Sleeping          |     5 |     3 |     6 ||    14
 Armour: Robe              |     2 |       |       ||     2
         Leather armour    |    54 |    87 |    72 ||   213
         Ring mail         |       |       |    71 ||    71
  Dodge: Dodged            |    30 |    80 |   127 ||   237
  Block: Other             |       |     5 |    37 ||    42
         Kite shield       |       |       |    47 ||    47

Table legend: (Time is in decaauts)
 A = Elapsed time spent in this place.
 B = Non-inter-level travel time spent in this place.
 C = Inter-level travel time spent in this place.
 D = Time resting spent in this place.
 E = Time spent auto-exploring this place.
 F = Levels seen in this place.
 G = Mean time per level.
                   A        B        C        D        E       F      G
               +--------+--------+--------+--------+--------+-----+--------+
         Total |   5861 |   5661 |    200 |    244 |   3282 |   8 |  732.6 |
       Dungeon |   5838 |   5648 |    190 |    244 |   3282 |   7 |  834.0 |
        Temple |     22 |     12 |     10 |      0 |      0 |   1 |   22.0 |
               +--------+--------+--------+--------+--------+-----+--------+

Top non-repeatable levels by time:
     D:4: 1555 daAuts
     D:1: 1067 daAuts
     D:5: 984 daAuts
     D:6: 849 daAuts
     D:3: 732 daAuts
     D:2: 536 daAuts
     D:7: 113 daAuts
  Temple: 22 daAuts
